 Dungeon Crawl Stone Soup version 0.25-a0-544-gee0576305d (webtiles) character file.

Game seed: 9190185468410424679, levelgen mode: classic

49 EnegeticOcto the Covered (level 3, -5/34 HPs)
             Began as a Deep Dwarf Fighter on Feb 20, 2020.
             Slain by an ogre
             ... wielding a +0 giant spiked club
              (22 damage)
             ... on level 3 of the Dungeon.
             The game lasted 00:00:27 (1011 turns).

EnegeticOcto the Covered (Deep Dwarf Fighter)       Turns: 1011, Time: 00:00:27

Health: -5/34      AC:  6    Str: 20    XL:     3   Next: 51%
Magic:  2/2        EV:  7    Int:  8    God:
Gold:   110        SH:  9    Dex: 12    Spells: 2/2 levels left

rFire    . . .     SeeInvis .   a - +0 war axe
rCold    . . .     Gourm    .   c - +0 kite shield
rNeg     . . .     Faith    .   b - +0 scale mail
rPois    .         Spirit   .   (no helmet)
rElec    .         Reflect  .   (no cloak)
rCorr    .         Harm     .   (no gloves)
MR       .....                  (no boots)
Stlth    ..........             (no amulet)
HPRegen  0.00/turn              (no ring)
MPRegen  0.08/turn              (no ring)

@: non-regenerating
A: damage resistance, heal wounds, sense surroundings 1, no regeneration
a: Heal Wounds


You were on level 3 of the Dungeon.
You were not hungry.

You visited 1 branch of the dungeon, and saw 3 of its levels.

You collected 110 gold pieces.

Inventory:

Hand Weapons
 a - a +0 war axe (weapon)
Armour
 b - a +0 scale mail (worn)
 c - a +0 kite shield (worn)
Jewellery
 j - an uncursed amulet of the gourmand {unknown}
Scrolls
 d - 2 scrolls of identify {unknown}
 f - a scroll of immolation {unknown}
 g - a scroll of amnesia {unknown}
 m - a scroll of remove curse {unknown}
 p - a scroll of blinking {unknown}
Potions
 h - a potion of curing {unknown}
 k - 2 potions of might {@q3}
 l - a potion of cancellation {unknown}
 n - 2 potions of brilliance {unknown}
 o - a potion of stabbing {unknown}
Comestibles
 e - a ration
 i - 4 chunks of flesh


   Skills:
 * Level 3.1 Fighting
 * Level 3.0 Axes
 + Level 3.6 Armour
 + Level 1.0 Dodging
 + Level 3.5 Shields


You had 2 spell levels left.
You didn't know any spells.
Your spell library was empty.

Dungeon Overview and Level Annotations

Branches:
Dungeon (3/15)

Altars:


Innate Abilities, Weirdness & Mutations

You are resistant to damage.
You can heal yourself by infusing magical energy.
You passively map a small area around you.
You do not regenerate.


Message History

No target in view!
No target in view!
Found a stone staircase leading down.
m - a scroll labeled YREXIR HIETRAISSI You now have 110 gold pieces (gained 13).
Things that are here:
a +0 club; a hobgoblin corpse You butcher the hobgoblin corpse.
i - 2 chunks of flesh (gained 1)
Things that are here:
a +0 club; a hobgoblin skeleton
Things that are here:
a +0 club; a hobgoblin skeleton A jackal comes into view.
The jackal barks!
You hear a bark!
A jackal comes into view.
The jackal barks!
The jackal bites you but does no damage.
You closely miss the jackal.
A jackal comes into view.
You block the jackal's attack. x2; The jackal moves out of view.
You hit the jackal but do no damage. You closely miss the jackal.
The jackal barks!
You block the jackal's attack.
The jackal bites you but does no damage.
You hit the jackal.
The jackal is almost dead.
You block the jackal's attack.
There are monsters nearby!
There are monsters nearby!
You barely miss the jackal.
The jackal is almost dead.
The jackal bites you but does no damage.
The jackal barely misses you.
You hit the jackal.
You kill the jackal!
You block the jackal's attack.
You closely miss the jackal. The jackal bites you.
The jackal bites you but does no damage.
You slash the jackal!
You kill the jackal!
You block the jackal's attack.
You slash the jackal!
You kill the jackal!
No target in view!
No target in view!
No target in view!
No target in view!
No target in view!
No target in view!
No target in view!
No target in view!
No target in view!
No target in view!
You butcher the jackal corpse.
i - 5 chunks of flesh (gained 3)
You see here a jackal skeleton. x2
You open the door.
There is an open door here.
You open the door.
There is an open door here.
You see here a book of Changes.
A rat comes into view.
The rat moves out of view.
The rat is too close now for your liking.
A rat is nearby!
You closely miss the rat. You block the rat's attack.
The rat barely misses you.
You barely miss the rat. The rat bites you but does no damage.
You slash the rat!
You kill the rat!
No target in view!
No target in view!
No target in view!
No target in view!
No target in view!
No target in view!
You butcher the rat corpse.
i - 6 chunks of flesh (gained 1)
You see here a rat skeleton. x2
Some of the chunks of flesh in your inventory have rotted away.
n - 2 golden potions
o - a fuming orange potion
p - a scroll labeled QYFFILLYBBI You open the door.
There is an open door here.
Eating one of 5 chunks of flesh.
You eat one of the 5 chunks of flesh.
This raw flesh tastes terrible.
d - 2 scrolls labeled VUDIMU LE TAREIRPH (gained 1)
An ogre comes into view. It is wielding a +0 giant spiked club.
The ogre shouts!
You slash the ogre!
The ogre is heavily wounded.
The ogre hits you with a +0 giant spiked club!
You slash the ogre!
The ogre is almost dead.
The ogre hits you with a +0 giant spiked club!!
Ouch! That really hurt!
You die...

* , , * , ,* , * * .# #
* #.#. ,
###.#.########## ,
,........@O...... , *
*##.###.########*
###########.###.########
, *
........................
,
##########..###.########
* ##......##..###.######
##......##...........# *
##......##...........#
.#......##...........#


You could see an ogre.

Vanquished Creatures
  An adder (D:2)
  An ooze (D:1)
  A worm (D:2)
  A dart slug (D:1)
  An orc (D:3)
  A giant cockroach (D:3)
  A goblin (D:1)
  4 hobgoblins
  3 jackals (D:3)
  7 kobolds
  A quokka (D:3)
  2 bats (D:1)
  A frilled lizard (D:1)
  4 rats
29 creatures vanquished.

Notes
Turn   | Place    | Note
-------+----------+-------------------------------------------
     0 | D:1      | EnegeticOcto the Deep Dwarf Fighter began the quest for the
                  | Orb.
     0 | D:1      | Reached XP level 1. HP: 20/20 MP: 1/1
    59 | D:1      | Reached XP level 2. HP: 20/27 MP: 2/2
   585 | D:2      | Reached XP level 3. HP: 24/34 MP: 3/3
   642 | D:2      | Reached skill level 1 in Dodging
  1008 | D:3      | Noticed an ogre
  1011 | D:3      | Slain by an ogre

Levels and vault maps discovered:
D:1:      beargit_arrival_greenhouse, layout_basic
D:2:      layout_basic, cheibriados_altar_1
D:3:      cheibrodos_pilgrimage, layout_basic, st_stairs_8

Skill      XL: |  1  2  3 |
---------------+----------+-----
Fighting       | 3 |  3.1
Dodging        | 1 |  1.0
Axes           | 3 |  3.0
Armour         | |  3.6
Shields        | |  3.5

Action                   || total
-------------------------++-------
Melee: War axe           ||    99
 Abil: Heal Wounds       ||     2
  Eat: Chunk             ||     1
Armor: Scale mail        ||    34
Dodge: Dodged            ||    32
Block: Kite shield       ||    36

Table legend:
 A = Non-vault XP
 B = Vault XP
 C = Vault XP percentage of total XP
 D = Non-vault monster count
 E = Vault monster count
 F = Vault count percentage of total count
                 A         B        C        D         E       F
            +---------+---------+-------+---------+---------+-------
      Total |      68 |       2 |   2.9 |      28 |       1 |   3.4
            +---------+---------+-------+---------+---------+-------
        D:1 |      30 |       0 |   0.0 |      15 |       0 |   0.0
        D:2 |      22 |       0 |   0.0 |       5 |       0 |   0.0
        D:3 |      16 |       2 |  11.1 |       8 |       1 |  11.1
            +---------+---------+-------+---------+---------+-------
